Map: Imperio eterno EE

Players

Santosfxc - Winner!

  • Race: Zerg Zerg
  • League: Gold
  • Spawn Location: 7:00

MrFercho

  • Race: Zerg Zerg
  • League: Silver
  • Spawn Location: 1:00

VOD

Have the link to the VOD?

Description

Time

  • Played on: July 1, 2020, 2:04 p.m.
  • Length: 4:58
Show
View Real Time Build Order
Export as new Build Order

Santosfxc Zerg - Winner!

Build Orders: Pool Only 

Get SALT Encoding   

  12  0:20  Spawning Pool  
  11  1:06  Zergling x2  
  11  1:07  Zergling x4  
  14  1:18  Overlord  
  14  1:35  Overlord  
  14  1:36  Queen  
  16  1:41  Zergling x2  
  17  1:54  Zergling x2  
  16  2:23  Zergling x6  
  18  2:38  Zergling x2  
  19  2:52  Zergling x6  
  19  2:53  Zergling x2  
  23  3:06  Zergling x2  
  24  3:21  Drone x2  
  24  3:22  Drone x2  
  28  3:45  Spine Crawler  
  28  3:48  Spine Crawler  
  25  3:50  Spine Crawler  
  25  3:55  Spine Crawler  
  23  4:00  Spine Crawler  
Show
View Real Time Build Order
Export as new Build Order

MrFercho Zerg 

Build Orders: Hatch First 

Get SALT Encoding   

  12  0:01  Drone  
  13  0:15  Overlord  
  13  0:24  Overlord  
  13  0:26  Drone  
  14  0:33  Drone  
  15  0:39  Drone  
  16  0:48  Drone  
  17  1:04  Hatchery  
  16  1:17  Spawning Pool  
  15  1:19  Drone  
  16  1:29  Drone x2  
  18  1:36  Drone  
  19  1:42  Extractor, Drone  
  19  1:53  Drone  
  20  2:02  Drone  
  20  2:06  Queen  
  21  2:19  Zergling x4  
  18  2:28  Drone  
  18  2:29  Drone  
  19  2:39  Spine Crawler  
  19  2:40  Drone x2  
  20  2:51  Drone x2  
  22  3:00  Drone  
  22  3:01  Drone  
  24  3:12  Drone x2  
  26  3:25  Roach Warren  
  25  3:28  Zergling x4  
  27  3:35  Spine Crawler  
  27  3:39  Zergling x2  
  27  3:40  Zergling x4  
  27  3:53  Zergling x2  
  27  3:54  Zergling x6  
  26  4:10  Roach x3  
Tags
 
Matchup
ZvZ
Race
Zerg
Replay Pack
MrFercho
Spawn Locations
Cross Positions
Add a new tag
Caveats
  • Supply blocks, unpowered buildings, or Contaminate may cause inaccurate times.
  • Supply counts are checked every 10 seconds.